 Dungeon Crawl Stone Soup version 0.28-a0-297-g99b01970c5 (console) character file.

Game seed: 17994736441667088774

364 FIQ the Magician (level 7, 0/50 HPs)
             Began as a Djinni Fire Elementalist on Aug 29, 2021.
             Killed by divine providence
             ... invoked by an orc priest
              (10 damage)
             ... on level 4 of the Dungeon.
             The game lasted 00:05:04 (4269 turns).

FIQ the Magician (Djinni Fire Elementalist)         Turns: 4269, Time: 00:05:05

Health: 0/50       AC:  2    Str:  6 (7)  XL:     7   Next: 0%
Gold:   97         EV: 12    Int: 18      God:
                   SH:  0    Dex: 11 (14)

rFire   + + .      SeeInvis .   (no weapon)
rCold   x . .      Faith    .   (no shield)
rNeg    . . .      Spirit   .   a - +0 robe
rPois   ∞          Reflect  .   (no helmet)
rElec   .          Harm     .   (no cloak)
rCorr   .          Rampage  .   (no gloves)
Will    .....                   (boots unavailable)
Stlth   ++........              (no amulet)
HPRegen 0.16/turn               (no ring)
MPRegen 0.00/turn               (no ring)

@: flying, very slightly contaminated
A: sickness immunity, fire resistance 2, cold vulnerability 1, float, innate
caster, hp casting, extra vitality 1
a: no special abilities


You were on level 4 of the Dungeon.
You visited 1 branch of the dungeon, and saw 4 of its levels.

You collected 97 gold pieces.

Inventory:

Hand Weapons
 j - a +2 hand axe of flaming
Armour
 a - a +0 robe (worn)
Magical Staves
 e - a staff of poison
Wands
 l - a wand of iceblast (2)
 m - a wand of polymorph (6)
Scrolls
 g - a scroll of enchant weapon
 o - 2 scrolls of fog
Potions
 b - 2 potions of curing
 c - a potion of flight
 n - a potion of attraction


   Skills:
 + Level 3.4 Fighting
 - Level 2.1 Dodging
 - Level 1.5 Stealth
 * Level 4.8 Spellcasting


You couldn't memorise any spells.
You knew the following spells:

 Your Spells              Type           Power      Damage    Failure   Level
a - Foxfire               Conj/Fire      84%        2x1d8     1%          1
b - Conjure Flame         Conj/Fire      21%        6-21      5%          3
c - Inner Flame           Hex/Fire       21%        N/A       5%          3
d - Sticky Flame          Conj/Fire      21%        2d4       19%         4
e - Fireball              Conj/Fire      10%        3d6       45%         5
f - Shock                 Conj/Air       84%        1d8       1%          1
g - Blink                 Tloc           N/A        N/A       2%          2
h - Searing Ray           Conj           42%        3d4       2%          2
Your spell library was empty.

Dungeon Overview and Level Annotations

Branches:
Dungeon (4/15)
 Temple: D:4-7

Altars:

Shops:
D:1 [

Annotations:
D:4 Pikel


Innate Abilities, Weirdness & Mutations

You are immune to sickness and miasma.
You are immune to poison.
Your flesh is very heat resistant. (rF++)
You are vulnerable to cold. (rC-)
You float through the air rather than walking.
You learn spells naturally, not from books.
Your magical power is your life essence.
You have superior vitality. (+4 HP)


Message History

The lemure shouts!
The orc priest shouts!
The foxfire hits the lemure.
The lemure is moderately wounded.
The foxfire hits the lemure.
The lemure is heavily wounded.
The orc wizard points at you and mumbles some strange words.
You easily resist.
An orc wizard comes into view. It is wielding a +0 dagger.
The foxfire hits the lemure but does no damage.
The lemure is heavily wounded.
Casting: Blink (safe; 2% risk of failure)
Confirm with . or Enter, or press ? or * to list all spells.
You blink.
The orc wizard barely misses you. The lemure hits you.
The lemure barely misses you.
Casting: Blink (safe; 2% risk of failure)
Confirm with . or Enter, or press ? or * to list all spells.
You miscast Blink.
You are very lightly contaminated with residual magic.
Nothing appears to happen.
The hound bites you. The orc wizard closely misses you.
The lemure barely misses you.
The hound pauses to sniff the ground.
The hound bites you. The orc priest misses you.
Casting: Blink (safe; 2% risk of failure)
Confirm with . or Enter, or press ? or * to list all spells.
You blink.
An orc comes into view. It is wielding a +0 club.
The orc wizard mumbles some strange words.
The orc wizard flickers and vanishes!
Deactivating autopickup; reactivate with @.
Pikel zaps a wand.
Your mind is blasted!
Ouch! That really hurt!
* * * LOW HITPOINT WARNING * * *
Okay, then.
You feel better. The lemure hits you.
* * * LOW HITPOINT WARNING * * *
The hound stops to sniff the ground.
The lemure closely misses you.
The orc priest calls down the wrath of Beogh upon you.
Beogh smites you!
You die...

....###..## ## ...
##..## .. ##.)## .
##..## ##..##
##..## #...##
##.5.# ##@5.##
.###..hKo### .
o......o..5.###...
.........o........
.........5.........
...................
....#######........
..## ##.......
.......


You could see Pikel, 4 lemures, a hound, an orc priest, an orc wizard and an
orc.

Vanquished Creatures
  Menkaure (D:4)
  2 orc priests (D:3)
  Natasha (thrice) (D:3)
  4 adders
  A worm (D:2)
  4 dart slugs
  3 orcs
  4 bats
  5 endoplasms
  3 giant cockroaches
  3 goblins
  9 hobgoblins
  2 jackals (D:1)
  A quokka (D:1)
  8 ball pythons
  A frilled lizard (D:1)
  3 kobolds
  3 rats
60 creatures vanquished.

Vanquished Creatures (others)
  335 foxfires
335 creatures vanquished.

Grand Total: 395 creatures vanquished

Notes
Turn   | Place    | Note
-------+----------+-------------------------------------------
     0 | D:1      | FIQ the Djinni Fire Elementalist began the quest for the
                  | Orb.
     0 | D:1      | Reached XP level 1. HP: 15/15 MP: 0/0
   365 | D:1      | Reached XP level 2. HP: 20/22 MP: 0/0
   946 | D:1      | Reached skill level 1 in Fighting
  1124 | D:1      | Found Xiyxzeu's Armour Shoppe.
  1266 | D:1      | Reached skill level 3 in Spellcasting
  1266 | D:1      | Reached XP level 3. HP: 23/27 MP: 0/0
  1266 | D:1      | Learned a level 1 spell: Shock
  1445 | D:1      | Found a faded altar of an unknown god.
  1891 | D:2      | Reached XP level 4. HP: 24/32 MP: 0/0
  3332 | D:3      | Reached XP level 5. HP: 27/38 MP: 0/0
  3332 | D:3      | Learned a level 2 spell: Blink
  3638 | D:3      | Noticed Natasha
  3640 | D:3      | Reached skill level 4 in Spellcasting
  3647 | D:3      | Killed Natasha
  3664 | D:3      | Noticed Natasha
  3667 | D:3      | Killed Natasha
  3668 | D:3      | Reached XP level 6. HP: 17/45 MP: 0/0
  3676 | D:3      | Noticed Natasha
  3680 | D:3      | Killed Natasha
  4045 | D:4      | Noticed Menkaure
  4054 | D:4      | Killed Menkaure
  4226 | D:4      | Reached XP level 7. HP: 47/50 MP: 0/0
  4226 | D:4      | Learned a level 2 spell: Searing Ray
  4257 | D:4      | Noticed Pikel
  4268 | D:4      | HP: 2/50 [disintegration (28)]
  4269 | D:4      | Killed from afar by an orc priest

Illustrated notes

Levels and vault maps discovered:
D:1:      dpeg_arrival_connections, layout_basic,
          hellmonk_ecumenical_altar_dog_temple, serial_shops, shop,
          skrybe_limestone_x, minmay_large_rounded_square
D:2:      layout_loops_ring, kennysheep_doodads
D:3:      layout_basic, interstate_on_off, feat_on_display, uniq_natasha
D:4:      layout_layer_cave, old_standard_altar, temple_hall, uniq_menkaure,
          uniq_pikel

Skill      XL: |  1  2  3  4  5  6 |
---------------+-------------------+-----
Fighting       | 1 2 3 |  3.4
Spellcasting   | 3 4 |  4.8
Dodging        | |  2.1
Stealth        | |  1.5

Action                   |  1- 3 |  4- 6 |  7- 9 || total
-------------------------+-------+-------+-------++-------
Melee: Unarmed           |     1 |     1 |       ||     2
 Cast: Foxfire           |    79 |   120 |     5 ||   204
       Blink             |       |     1 |     3 ||     4
Evoke: Wand              |       |     5 |       ||     5
  Use: Scroll            |       |     8 |       ||     8
       Potion            |       |     3 |     1 ||     4
Armor: Robe              |     1 |       |       ||     1
Dodge: Dodged            |     7 |    12 |     6 ||    25

Table legend: (Time is in decaauts)
 A = Elapsed time spent in this place.
 B = Non-inter-level travel time spent in this place.
 C = Inter-level travel time spent in this place.
 D = Time resting spent in this place.
 E = Time spent auto-exploring this place.
 F = Levels seen in this place.
 G = Mean time per level.
                   A        B        C        D        E       F      G
               +--------+--------+--------+--------+--------+-----+--------+
         Total |   4269 |   4168 |    101 |      0 |   3731 |   4 | 1067.2 |
       Dungeon |   4269 |   4168 |    101 |      0 |   3731 |   4 | 1067.2 |
               +--------+--------+--------+--------+--------+-----+--------+

Top non-repeatable levels by time:
     D:1: 1752 daAuts
     D:2: 1381 daAuts
     D:3: 1052 daAuts
     D:4: 83 daAuts
